 Dungeon Crawl Stone Soup version 0.17-a0-1411-g06ff558 (console) character file.

833 panicbit the Covered (level 7, -1/61 HPs)
             Began as a Minotaur Fighter on June 23, 2015.
             Slain by an orc warrior
             ... wielding a +0 glaive
              (5 damage)
             ... on level 6 of the Dungeon.
             The game lasted 00:37:45 (4688 turns).

panicbit the Covered (Minotaur Fighter)             Turns: 4688, Time: 00:37:45

Health: -1/61      AC: 11    Str: 22    XL:     7   Next: 65%
Magic:  6/6        EV:  7    Int:  5    God:
Gold:   260        SH: 10    Dex: 10    Spells: 0 memorised, 6 levels left

rFire  . . .     SeeInvis .     a - +0 war axe
rCold  + . .     Clarity  .     C - +0 chain mail
rNeg   . . .     SustAt   .     c - +0 shield
rPois  .         Gourm    .     (helmet restricted)
rElec  .         Spirit   .     (no cloak)
rCorr  .         Warding  .     n - +0 pair of gloves
rMut   .         Stasis   .     (no boots)
MR     .....                    (no amulet)
Stlth  ..........               (no ring)
                                l - ring of protection from cold

@: not resistant to hostile enchantments, extremely unstealthy
A: retaliatory headbutt, horns 2
a: no special abilities


You were on level 6 of the Dungeon.
You were not hungry.

You visited 1 branch of the dungeon, and saw 7 of its levels.
You also visited: Sewer.

You collected 260 gold pieces.

Inventory:

Hand weapons
 a - a +0 war axe (weapon)
 r - a +0 flail
Armour
 c - a +0 shield (worn)
 n - a +0 pair of gloves (worn)
 C - a +0 chain mail (worn)
Jewellery
 l - a ring of protection from cold (left hand)
Magical devices
 y - a wand of polymorph (12)
 A - a wand of polymorph (11)
Scrolls
 f - a scroll of magic mapping {unknown}
 h - 2 scrolls of fear {unknown}
 i - 6 scrolls of remove curse {unknown}
 j - 6 scrolls of identify {unknown}
 m - a scroll of enchant armour {unknown}
 s - 5 scrolls of teleportation {unknown}
 w - 2 scrolls of blinking {unknown}
 x - a scroll of random uselessness {unknown}
 G - a scroll of amnesia {unknown}
 H - a scroll of immolation {unknown}
Potions
 d - 3 potions of might
 g - 3 potions of ambrosia {unknown}
 k - 2 potions of lignification {unknown}
 p - a potion of experience {unknown}
 q - 2 potions of invisibility {unknown}
 t - a potion of poison {unknown}
 u - 3 potions of resistance {unknown}
 v - 4 potions of curing {unknown}
 z - 3 potions of flight {unknown}
 D - 2 potions of brilliance {unknown}
 E - a potion of heal wounds {unknown}
Comestibles
 b - a slice of pizza
 e - 5 bread rations
 o - 2 beef jerkies
 B - 2 fruits
 F - a chunk of flesh


   Skills:
 + Level 5.4 Fighting
 + Level 5.3 Axes
 + Level 6.3 Armour
 + Level 3.2 Dodging
 + Level 0.6 Stealth
 + Level 6.0 Shields


You had 6 spell levels left.
You didn't know any spells.

Dungeon Overview and Level Annotations

Branches:
Dungeon (7/15)             Temple (0/1) D:5

Altars:
Gozag
Kikubaaqudgha
Vehumet

Annotations:
D:6 Pikel


Innate Abilities, Weirdness & Mutations

You reflexively headbutt those who attack you in melee.
You have a pair of horns on your head.


Message History

Things that are here:
a giant spiked club; an ogre corpse Eat one of 4 chunks of flesh? (ye/n/q/i?) This raw flesh tastes terrible.
You continue eating. x2
The orc warrior shouts!
You see here 16 gold pieces.
You now have 260 gold pieces (gained 16).
The orc warrior barely misses you.
You closely miss the orc warrior. You block the orc warrior's attack.
You closely miss the orc warrior.
The orc warrior hits you with a glaive!!
* * * LOW HITPOINT WARNING * * *
You hit the orc warrior.
The orc warrior is moderately wounded.
The orc warrior hits you with a glaive.
* * * LOW HITPOINT WARNING * * *
Some of the chunks of flesh in your inventory have rotted away.
The orc warrior hits you from afar with a glaive.
You die...

o##..
##.#.........#
##
#.#.........#
#.#..(......#
............#
..........####
.#.#####..# #.
#..# #
######.##
#....)).#
#%####..# #.@#
##.# #o.# #..#
#..# #...
#...# #...#
#.#.#. .# # #.
...#.# #. #.
#..#.#


You could see an orc warrior.

Vanquished Creatures
  An orc warrior (D:6)
  2 ogres
  A centaur (D:5)
  A wight (D:5)
  An orc priest (D:5)
  A giant frog skeleton (D:5)
  A centaur skeleton (D:5)
  An orc wizard (D:3)
  2 worker ants (D:5)
  2 iguanas (D:5)
  A hound skeleton (D:4)
  2 worker ant zombies (D:5)
  5 adders
  7 worms
  9 giant geckos
  8 orcs
  A bat skeleton (D:2)
  A bat zombie (D:3)
  13 goblins
  8 hobgoblins
  2 quokkas
  2 ball pythons (Sewer)
  9 bats
  4 giant cockroaches
  A giant gecko skeleton (D:5)
  7 giant newts
  8 jackals (D:5)
  14 kobolds
  13 rats
  A rat zombie (D:3)
129 creatures vanquished.

Notes
Turn   | Place    | Note
--------------------------------------------------------------
     0 | D:1      | panicbit the Minotaur Fighter began the quest for the Orb.
     0 | D:1      | Reached XP level 1. HP: 19/19 MP: 0/0
   206 | D:1      | Reached XP level 2. HP: 27/27 MP: 1/1
   224 | D:1      | Reached skill level 4 in Armour
   844 | D:2      | Reached XP level 3. HP: 22/33 MP: 2/2
  1114 | D:2      | Reached XP level 4. HP: 36/40 MP: 3/3
  1154 | D:2      | Found a radiant altar of Vehumet.
  2174 | D:3      | Found an ancient bone altar of Kikubaaqudgha.
  2235 | D:3      | Reached XP level 5. HP: 47/47 MP: 4/4
  2606 | D:4      | Noticed an ogre
  2613 | D:4      | Killed an ogre
  2613 | D:4      | Reached skill level 5 in Armour
  2613 | D:4      | Reached skill level 1 in Dodging
  2613 | D:4      | Reached skill level 5 in Shields
  3027 | D:4      | Found an opulent altar of Gozag.
  3175 | D:5      | Entered Level 5 of the Dungeon
  3259 | D:5      | Noticed a centaur
  3269 | D:5      | Killed a centaur
  3269 | D:5      | Reached XP level 6. HP: 51/55 MP: 5/5
  3371 | D:6      | Noticed Pikel
  3384 | D:5      | Reached skill level 5 in Fighting
  3449 | D:5      | Found a glowing drain.
  3481 | Sewer    | Entered a sewer
  3654 | D:5      | Reached XP level 7. HP: 56/61 MP: 6/6
  3759 | D:5      | Found a staircase to the Ecumenical Temple.
  4278 | D:5      | Reached skill level 5 in Axes
  4464 | D:6      | Reached skill level 6 in Armour
  4688 | D:6      | Slain by an orc warrior

Vault maps used:
D:1:      dpeg_arrival_round_a
D:2:      kennysheep_big_flooded_room, nicolae_overflow_hidden_temple,
          first_bread
D:3:      lemuel_zombie_altar_kikubaaqudgha, kennysheep_generic_room_16
D:4:      nicolae_gozag_cash_rules_everything_around_me,
          minmay_misc_feat_hallway
D:5:      minmay_temple_entry_trees, portal_sewer_entry_f, roderic_lattice_a
D:6:      nemelex_altar_shiori, minmay_tree_intersection, lightli_orcish_oven,
          uniq_pikel, uniq_prince_ribbit1, uniq_blork_the_orc
D:7:      kennysheep_mini_moat, overflow_temple_1_default, grunt_ogre_cave
Sewer:    kennysheep_pipe_town

Action                   |  1- 3 |  4- 6 |  7- 9 || total
-------------------------+-------+-------+-------++-------
Melee: War axe           |    70 |   176 |    73 ||   319
  Eat: Chunk             |     1 |     8 |     4 ||    13
